 Dungeon Crawl Stone Soup version 0.22-a0-558-gc2241811a9 (webtiles) character file.

52 PikkenKukken the Charmwright (level 3, -3/31 HPs)
             Began as a Gnoll Skald on June 26, 2018.
             Slain by a gnoll shaman
             ... wielding a +0 club
              (7 damage)
             ... on level 2 of the Dungeon.
             The game lasted 00:05:18 (1618 turns).

PikkenKukken the Charmwright (Gnoll Skald)          Turns: 1618, Time: 00:05:19

Health: -3/31      AC:  3    Str: 13    XL:     3   Next: 85%
Magic:  9/9        EV: 14    Int: 15    God:
Gold:   79         SH:  0    Dex: 15    Spells: 9/12 levels left

rFire    . . .     SeeInvis .   a - +1 spear
rCold    . . .     Gourm    .   (no shield)
rNeg     . . .     Faith    .   b - +0 leather armour
rPois    .         Spirit   .   (no helmet)
rElec    .         Reflect  .   (no cloak)
rCorr    .         Harm     .   (no gloves)
MR       .....                  (no boots)
Stlth    +.........             (no amulet)
HPRegen  0.10/turn              (no ring)
MPRegen  0.11/turn              (no ring)

@: no status effects
A: distributed training, fangs 1, strong nose
a: no special abilities


You were on level 2 of the Dungeon.
You were not hungry.

You visited 1 branch of the dungeon, and saw 2 of its levels.

You collected 79 gold pieces.

Inventory:

Hand Weapons
 a - a +1 spear (weapon)
Missiles
 f - 4 tomahawks of dispersal (quivered)
 h - 18 bolts
 k - 20 arrows
Armour
 b - a +0 leather armour (worn)
Jewellery
 m - a cursed amulet of inaccuracy {unknown}
Scrolls
 o - a scroll of remove curse {unknown}
 p - a scroll of enchant weapon
Potions
 c - a potion of brilliance
 e - a potion of magic {unknown}
 g - a potion of haste {unknown}
 j - 2 potions of curing {unknown}
 l - a potion of might {unknown}
 n - a potion of degeneration {unknown}
Comestibles
 d - 3 rations
 i - 9 chunks of flesh


   Skills:
 + Level 4.5 Fighting
 + Level 0.9 Short Blades
 + Level 0.9 Long Blades
 + Level 0.9 Axes
 + Level 0.9 Maces & Flails
 + Level 4.5 Polearms
 + Level 0.9 Staves
 + Level 0.9 Slings
 + Level 0.9 Bows
 + Level 0.9 Crossbows
 + Level 0.9 Throwing
 + Level 2.6 Armour
 + Level 4.5 Dodging
 + Level 0.9 Stealth
 + Level 0.9 Shields
 + Level 0.9 Unarmed Combat
 + Level 5.0 Spellcasting
 + Level 0.6 Conjurations
 + Level 0.6 Hexes
 + Level 5.4 Charms
 + Level 0.6 Summonings
 + Level 0.6 Necromancy
 + Level 0.6 Translocations
 + Level 0.6 Transmutations
 + Level 0.6 Fire Magic
 + Level 0.6 Ice Magic
 + Level 0.6 Air Magic
 + Level 0.6 Earth Magic
 + Level 0.6 Poison Magic
 + Level 1.0 Invocations
 + Level 0.9 Evocations


You had 9 spell levels left.
You knew the following spells:

 Your Spells              Type           Power        Failure   Level  Hunger
a - Infusion              Chrm           ###.         2%          1    None
b - Song of Slaying       Chrm           ###.....     3%          2    ##.....

Your spell library contained the following spells:

 Spells                   Type           Power        Failure   Level  Hunger
 Regeneration             Chrm/Necr      ##........   19%         3    ###....
 Shroud of Golubria       Chrm/Tloc      ##........   9%          2    ##.....
 Spectral Weapon          Hex/Chrm       ##......     19%         3    ###....


Dungeon Overview and Level Annotations

Branches:
Dungeon (2/15)

Altars:


Innate Abilities, Weirdness & Mutations

Your experience applies equally to all skills.
You have very sharp teeth.
Your uncanny sense of smell can sniff out nearby items.


Message History

A gnoll comes into view.
The gnoll shaman barely misses you.
You hit the gnoll shaman.
The gnoll shaman is severely wounded.
You hit the gnoll shaman but do no damage.
The gnoll shaman is severely wounded.
The gnoll shaman closely misses you.
You closely miss the gnoll shaman.
The gnoll shaman is severely wounded.
The gnoll shaman hits you with a club!
You barely miss the gnoll shaman.
The gnoll shaman is severely wounded.
You hit the gnoll shaman.
The gnoll shaman is almost dead.
The gnoll shaman hits you with a club!
* * * LOW HITPOINT WARNING * * *
You hit the gnoll shaman but do no damage.
The gnoll shaman is almost dead.
The gnoll shaman hits you with a club!
You die...

..#.#.# #.......##.###
#.#.#.#####.#.....>..##
#.#.#.......#.........#
#.#.######..#.####.##.#
#.#.........#......##.#
#.#######.............#
#.# #..##..######.#
#.#######..#...######.#
# .........###gg@.<####
# #######.## #.##### .
........# ### #
######### #


You could see a gnoll shaman and a gnoll.

Vanquished Creatures
  A gnoll (D:1)
  A leopard gecko (D:2)
  A ball python (D:1)
  A bat (D:1)
  A giant cockroach (D:2)
  6 goblins
  9 hobgoblins
  4 jackals (D:2)
  7 kobolds (D:1)
  A quokka (D:2)
  A frilled lizard (D:1)
  3 rats (D:1)
36 creatures vanquished.

Notes
Turn   | Place    | Note
-------+----------+-------------------------------------------
     0 | D:1      | PikkenKukken the Gnoll Skald began the quest for the Orb.
     0 | D:1      | Reached XP level 1. HP: 20/20 MP: 6/6
   108 | D:1      | Reached XP level 2. HP: 8/26 MP: 2/7
   657 | D:1      | Reached XP level 3. HP: 16/31 MP: 2/9
   980 | D:1      | Reached skill level 5 in Spellcasting
  1325 | D:2      | Reached skill level 1 in Invocations
  1555 | D:2      | Learned a level 2 spell: Song of Slaying
  1618 | D:2      | Slain by a gnoll shaman

Vault maps used:
D:1:      nagdon_arrival_double_spiral
D:2:      first_ration, minmay_misc_feat_iff, cheibriados_altar_1

Skill      XL: |  1  2  3 |
---------------+----------+-----
Spellcasting   | 5 |  5.0
Invocations    | 1 |  1.0
Fighting       | |  4.5
Short Blades   | |  0.9
Long Blades    | |  0.9
Axes           | |  0.9
Maces & Flails | |  0.9
Polearms       | |  4.5
Staves         | |  0.9
Slings         | |  0.9
Bows           | |  0.9
Crossbows      | |  0.9
Throwing       | |  0.9
Armour         | |  2.6
Dodging        | |  4.5
Stealth        | |  0.9
Shields        | |  0.9
Unarmed Combat | |  0.9
Conjurations   | |  0.6
Hexes          | |  0.6
Charms         | |  5.4
Summonings     | |  0.6
Necromancy     | |  0.6
Translocations | |  0.6
Transmutations | |  0.6
Fire Magic     | |  0.6
Ice Magic      | |  0.6
Air Magic      | |  0.6
Earth Magic    | |  0.6
Poison Magic   | |  0.6
Evocations     | |  0.9

Action                   || total
-------------------------++-------
Melee: Spear             ||   130
       Bite              ||    14
 Cast: Infusion          ||     6
  Use: Scroll            ||     6
 Stab: Distracted        ||     1
       Sleeping          ||     3
  Eat: Chunk             ||     2
Armor: Leather armour    ||    13
Dodge: Dodged            ||    56

Table legend:
 A = Spawn XP
 B = Non-spawn XP
 C = Spawn XP percentage of total XP
 D = Spawn monster count
 E = Non-spawn monster count
 F = Spawn count percentage of total count
 G = Total turns spent on level
                    A         B        C        D         E        F      G
               +---------+---------+-------+---------+---------+-------+---------
         Total |       0 |      75 |   0.0 |       0 |      36 |   0.0 |  1618
               +---------+---------+-------+---------+---------+-------+---------
           D:1 |       0 |      54 |   0.0 |       0 |      26 |   0.0 |  1282
           D:2 |       0 |      21 |   0.0 |       0 |      10 |   0.0 |   336
               +---------+---------+-------+---------+---------+-------+---------
